 Dungeon Crawl Stone Soup version 0.24-a0-422-g9eff3895ba (webtiles) character file.

Game seed: 10382067461305452736

40393 JellyEater the Geomancer (level 14, -1/86 HPs)
             Began as a Gargoyle Earth Elementalist on June 11, 2019.
             Was a High Priest of Vehumet.
             Engulfed by a cloud of flame (18 damage)
             ... on level 14 of the Dungeon on June 12, 2019.
             The game lasted 01:02:57 (17823 turns).

JellyEater the Geomancer (GrEE)                    Turns: 17823, Time: 01:02:57

Health: -1/86      AC: 22    Str: 15    XL:     14   Next: 10%
Magic:  19/36      EV: 15    Int: 21    God:    Vehumet [*****.]
Gold:   799        SH:  0    Dex: 10    Spells: 14/32 levels left

rFire    . . .     SeeInvis .   v - +2 flail (protect)
rCold    . . .     Gourm    .   (no shield)
rNeg     + . .     Faith    .   P - +1 robe of Faesor {rPois Str+3}
rPois    ∞         Spirit   .   r - +1 helmet
rElec    +         Reflect  .   c - +1 cloak
rCorr    .         Harm     .   h - +1 pair of gloves
MR       +....                  k - +0 pair of boots
Stlth    ++........             (no amulet)
HPRegen  0.24/turn              G - +3 ring of slaying
MPRegen  0.25/turn              D - ring of magical power

@: flying, starving, slowed, very slow
A: big wings, negative energy resistance 1, electricity resistance, unbreathing,
petrification resistance, rot immunity, AC +10
a: Stop Flying, Renounce Religion


You were on level 14 of the Dungeon.
You worshipped Vehumet.
Vehumet was extremely pleased with you.
You were starving.

You visited 2 branches of the dungeon, and saw 15 of its levels.

You collected 883 gold pieces.
You spent 84 gold pieces at shops.

Inventory:

Hand Weapons
 v - a +2 flail of protection (weapon)
 H - a +0 morningstar
Missiles
 b - 65 stones (quivered)
 A - 4 silver javelins
Armour
 c - a +1 cloak (worn)
 h - a +1 pair of gloves (worn)
 k - a +0 pair of boots (worn)
 r - a +1 helmet (worn)
 I - the -2 pair of boots of Restlessness {rC++}
   (You found it on level 9 of the Dungeon)

   It greatly protects you from cold.
 P - the +1 robe of Faesor (worn) {rPois Str+3}
   (You found it on level 14 of the Dungeon)

   It affects your strength (+3).
   It protects you from poison.
Jewellery
 a - an uncursed ring of flight
 D - a ring of magical power (right hand)
 G - a +3 ring of slaying (left hand)
 J - an uncursed ring of magical power
Wands
 p - a wand of random effects (21)
 w - a wand of enslavement (11)
 y - a wand of iceblast (8)
 F - a wand of paralysis (9)
 K - a wand of disintegration (30)
 N - a wand of clouds (6)
Scrolls
 e - 9 scrolls of teleportation
 g - 6 scrolls of remove curse
 n - 2 scrolls of blinking
 q - 4 scrolls of magic mapping
 s - a scroll of fear
 t - 3 scrolls of amnesia
 z - 4 scrolls of identify
 O - a scroll of fog
Potions
 f - a potion of magic
 i - 2 potions of brilliance
 j - 8 potions of curing
 l - 2 potions of cancellation
 o - 3 potions of lignification
 u - 2 potions of heal wounds
 x - a potion of agility
 B - 2 potions of flight
 C - a potion of invisibility
 L - 2 potions of haste
Miscellaneous
 m - a box of beasts
Comestibles
 d - 28 rations


   Skills:
 + Level 9.2 Fighting
 + Level 8.4 Maces & Flails
 - Level 6.1 Armour
 + Level 7.3 Dodging
 - Level 2.1 Stealth
 + Level 9.5 Spellcasting
 + Level 10.8 Conjurations
   Level 0.7 Transmutations
 + Level 12.4 Earth Magic
 - Level 6.0 Evocations


You had 14 spell levels left.
You knew the following spells:

 Your Spells              Type           Power        Failure   Level  Hunger
a - Sandblast             Erth           ######       1%          1    None
b - Stone Arrow           Conj/Erth      ######       1%          3    None
c - Lee's Rapid Deconstr  Erth           ######....   1%          5    ####...
d - Mephitic Cloud        Conj/Pois/Air  ####....     1%          3    None
e - Iron Shot             Conj/Erth      ######....   2%          6    ######.

Your spell library contained the following spells:

 Spells                   Type           Power        Failure   Level  Hunger
 Magic Dart               Conj           ####         1%          1    None
 Passwall                 Tmut/Erth      #####...     1%          2    None
 Searing Ray              Conj           ######       1%          2    None
 Conjure Flame            Conj/Fire      ####....     1%          3    None
 Dazzling Spray           Conj/Hex       ####..       1%          3    None
 Iskenderun's Mystic Bla  Conj           ######..     1%          4    ##.....
 Force Lance              Conj/Tloc      ####....     2%          4    ##.....
 Fulminant Prism          Conj/Hex       ####......   2%          4    ##.....
 Petrify                  Tmut/Erth      #####...     4%          4    ##.....
 Blink                    Tloc           N/A          11%         2    None
 Call Imp                 Summ           ##......     11%         2    None
 Poisonous Vapours        Pois/Air       ##....       11%         2    None
 Slow                     Hex            ##......     11%         2    None
 Freezing Cloud           Conj/Ice/Air   ####......   50%         6    ######.
 Ring of Flames           Chrm/Fire      ##........   100%        7    #######


Dungeon Overview and Level Annotations

Branches:
Dungeon (14/15)            Temple (1/1) D:5            Lair (0/6) D:8
    Orc (0/2) D:9          Vaults (0/5) D:13

Altars:
Ashenzari
Dithmenos
Elyvilon
Fedhas
Hepliaklqana
Kikubaaqudgha
Makhleb
Nemelex Xobeh
Okawaru
Ru
Trog
Uskayaw
Vehumet
Wu Jian
Xom
Yredelemnul
Zin
The Shining One

Shops:
D:7 (   D:8 :   D:9 *   D:11 ?

Portals:
Trove: D:11 (give +4 demon trident)

Annotations:
D:14 Zankipu's ghost, journeyman HONe


Innate Abilities, Weirdness & Mutations

You are resistant to torment.
Your stone body is resilient. (AC +10)
You are immune to poison.
Your large and strong wings let you fly indefinitely.
You resist negative energy. (rN+)
You are resistant to electric shocks. (rElec)
You can survive without breathing.
You are immune to petrification.
You are immune to rotting.


Message History

You are near starving!
The fiery explosion engulfs Zankipu's ghost!!
Zankipu's ghost resists.
Zankipu's ghost is severely damaged.
The fiery explosion engulfs you!! Vehumet accepts your kill.
Reactivating autopickup.
You feel a bit more experienced.
Zankipu's ghost is engulfed in blazing flames. x2
Zankipu's ghost hits you!!
* * * LOW HITPOINT WARNING * * *
Casting: Iron Shot (safe; 2% risk of failure)
Confirm with . or Enter, or press ? or * to list all spells.
Aiming: Iron Shot (safe; 2% risk of failure)
Press: ? - help, Shift-Dir - straight line, f/p - Zankipu's ghost
Aim: Zankipu's ghost, wielding a weapon of electrocution (flame, severely damaged, inner flame)
The iron shot misses Zankipu's ghost.
You are starving!
You are engulfed in blazing flames.
You die...

.8#######'###'''###...#...#...##+
......................#..........
.#....................#..........
.#............#§§§....'..........
.#............#§§W....#..........
.#............#§§§....#..........
#######..##..##§§#...##..####....
#........#....##W##..#...#.......
#........#....#8@8#..#...#.......
+........#...........#...#.......
#........#....#8.8#..#...#.......
#........#....##.##..#...#.......
#)..######...##..##'############.
.....#...........................
.....#..<.[......................
.....#...........................
.....#...........................


You could see a wraith (inner flame) and Zankipu's ghost (inner flame).

Vanquished Creatures
  2 hydras
  An ice dragon (D:13)
  4 two-headed ogres
  2 centaur warriors (D:13)
  2 tengu warriors
  A shadow wraith (D:14)
  3 skeletal warriors (D:14)
  3 unseen horrors
  A phantasmal warrior (D:14)
  3 deep elf magi (D:14)
  7 ugly things
  A cyclops (D:14)
  3 manticores
  An elephant (D:8)
  8 centaur zombies
  A gargoyle (D:12)
  2 freezing wraiths
  An efreet (D:12)
  A tengu conjurer (D:14)
  A redback zombie (D:14)
  A komodo dragon (D:13)
  A troll (D:13)
  A queen bee (D:9)
  A meliai zombie (D:14)
  4 hippogriffs
  3 wyverns
  35 yaks
  3 shadows (D:14)
  3 wraiths
  A basilisk (D:8)
  7 vampire mosquitoes
  A human (D:7)
  A steam dragon (shapeshifter) (D:13)
  3 hungry ghosts
  2 hogs (D:7)
  Menkaure (D:4)
  Edmund (D:5)
  A water moccasin (D:9)
  2 acid dragons (D:11)
  8 sky beasts
  3 ice beasts
  2 hornet zombies
  3 orc warriors
  A black bear (D:12)
  11 centaurs
  6 ogres
  2 crocodiles
  2 big kobolds (D:9)
  Blork the orc (D:5)
  14 bullfrogs
  A wyvern zombie (D:12)
  A wyvern skeleton (D:11)
  5 scorpions
  35 killer bees
  5 howler monkeys
  11 crimson imps
  A bullfrog zombie (D:13)
  2 bullfrog skeletons
  7 orc priests
  A jelly (D:14)
  2 quasits
  5 centaur skeletons
  8 hounds
  9 orc wizards
  2 iguanas
  8 worker ants
  A killer bee zombie (D:9)
  2 hound skeletons
  2 mummies (D:14)
  A worker ant zombie (D:7)
  9 adders
  3 gnolls (D:6)
  2 howler monkey skeletons
  8 shadow imps
  An ooze (D:5)
  3 worms
  A dart slug (D:2)
  9 leopard geckos
  40 orcs
  5 giant cockroaches
  14 goblins
  5 hobgoblins
  12 jackals
  6 quokkas
  2 ball pythons
  8 bats
  2 frilled lizards (D:1)
  16 kobolds
  12 rats
440 creatures vanquished.

Vanquished Creatures (others)
  An iguana (D:14)
  2 plants (D:13)
3 creatures vanquished.

Grand Total: 443 creatures vanquished

Notes
Turn   | Place    | Note
-------+----------+-------------------------------------------
     0 | D:1      | JellyEater the Gargoyle Earth Elementalist began the quest
                  | for the Orb.
     0 | D:1      | Reached XP level 1. HP: 10/10 MP: 3/3
   217 | D:1      | Reached skill level 4 in Earth Magic
   217 | D:1      | Reached XP level 2. HP: 11/15 MP: 1/5
   712 | D:1      | Reached XP level 3. HP: 19/19 MP: 6/6
   717 | D:1      | Learned a level 3 spell: Stone Arrow
  1568 | D:2      | Reached skill level 1 in Conjurations
  1837 | D:2      | Reached XP level 4. HP: 24/24 MP: 6/8
  2986 | D:3      | Reached skill level 5 in Earth Magic
  3162 | D:3      | Reached XP level 5. HP: 28/28 MP: 9/9
  3169 | D:3      | Learned a level 5 spell: Lee's Rapid Deconstruction
  3308 | D:4      | Noticed an ogre
  3309 | D:4      | Noticed Menkaure
  3313 | D:4      | Killed an ogre
  3318 | D:4      | Killed Menkaure
  3318 | D:4      | Reached XP level 6. HP: 24/32 MP: 1/12
  3344 | D:4      | Reached skill level 6 in Earth Magic
  3442 | D:4      | Reached XP level 7. HP: 32/36 MP: 13/13
  3697 | D:4      | Noticed a +0 hand axe
  3697 | D:4      | Noticed a +0 dagger
  3701 | D:4      | Found a hide-covered altar of Uskayaw.
  4422 | D:5      | Entered Level 5 of the Dungeon
  4436 | D:5      | Reached skill level 7 in Earth Magic
  4537 | D:5      | Reached skill level 5 in Spellcasting
  4595 | D:5      | Noticed Edmund
  4834 | D:5      | Killed Edmund
  4834 | D:5      | Reached skill level 5 in Conjurations
  4834 | D:5      | Reached XP level 8. HP: 31/41 MP: 7/15
  4860 | D:5      | Found a staircase to the Ecumenical Temple.
  4879 | Temple   | Entered the Ecumenical Temple
  4924 | Temple   | Became a worshipper of Vehumet
  5161 | D:5      | Noticed Blork the orc
  5170 | D:5      | Killed Blork the orc
  5616 | D:6      | Reached skill level 1 in Fighting
  5616 | D:6      | Reached skill level 1 in Armour
  5784 | D:6      | Reached skill level 1 in Maces & Flails
  5856 | D:6      | Reached skill level 1 in Evocations
  5993 | D:6      | Found a shimmering altar of Xom.
  6247 | D:6      | Reached XP level 9. HP: 40/48 MP: 17/17
  6421 | D:6      | Reached skill level 8 in Earth Magic
  6546 | D:7      | Reached * piety under Vehumet
  6546 | D:7      | Offered knowledge of Magic Dart by Vehumet.
  6639 | D:7      | Found Nicloppye's Antique Weapon Shop.
  7307 | D:7      | Offered knowledge of Shock by Vehumet.
  7318 | D:7      | Reached ** piety under Vehumet
  7555 | D:7      | Reached XP level 10. HP: 56/56 MP: 19/19
  7746 | D:7      | Found a glowing silver altar of Zin.
  7935 | D:8      | Found Eceh's Book Shoppe.
  7959 | D:8      | Noticed a two-headed ogre
  7966 | D:8      | Killed a two-headed ogre
  7966 | D:8      | Reached skill level 9 in Earth Magic
  8133 | D:8      | Found a bloodstained altar of Trog.
  8177 | D:8      | Noticed a cyan ugly thing
  8184 | D:8      | Offered knowledge of Inner Flame by Vehumet.
  8188 | D:8      | Noticed an elephant
  8189 | D:8      | Killed a cyan ugly thing
  8205 | D:8      | Killed an elephant
  8439 | D:8      | Reached *** piety under Vehumet
  8447 | D:8      | Found a staircase to the Lair.
  8578 | D:8      | Reached skill level 5 in Fighting
  8898 | D:9      | Found an iron altar of Okawaru.
  8901 | D:9      | Reached XP level 11. HP: 59/63 MP: 21/21
  8913 | D:9      | Reached skill level 5 in Armour
  8927 | D:9      | Found a staircase to the Orcish Mines.
  8990 | D:9      | Got a pair of smoking boots
  9001 | D:9      | Identified the cursed -2 pair of boots of Restlessness
                  | {rC++} (You found it on level 9 of the Dungeon)
  9040 | D:9      | Offered knowledge of Ignite Poison by Vehumet.
  9236 | D:9      | Reached **** piety under Vehumet
  9531 | D:9      | Found a shimmering altar of Xom.
  9580 | D:9      | Found a bloodstained altar of Trog.
  9618 | D:9      | Found a blossoming altar of Fedhas.
  9618 | D:9      | Found a basalt altar of Yredelemnul.
  9623 | D:9      | Found a white marble altar of Elyvilon.
  9653 | D:9      | Found a sparkling altar of Nemelex Xobeh.
  9720 | D:9      | Learned a level 3 spell: Mephitic Cloud
  9768 | D:9      | Found Qewkiebb's General Store.
  9793 | D:9      | Offered knowledge of Lightning Bolt by Vehumet.
  9793 | D:9      | Reached skill level 5 in Maces & Flails
  9927 | D:10     | Entered Level 10 of the Dungeon
  9932 | D:10     | Killed an unseen horror
 10072 | D:10     | Reached skill level 10 in Earth Magic
 10095 | D:9      | Reached skill level 5 in Evocations
 10242 | D:9      | Upgraded the game from 0.24-a0-417-g1cce26a4d2 to
                  | 0.24-a0-422-g9eff3895ba
 10708 | D:10     | Noticed a two-headed ogre
 10718 | D:10     | Killed a two-headed ogre
 10718 | D:10     | Reached skill level 5 in Dodging
 10950 | D:10     | Killed an unseen horror
 10950 | D:10     | Reached XP level 12. HP: 31/70 MP: 20/23
 11877 | D:11     | Noticed a two-headed ogre
 11926 | D:11     | Killed a two-headed ogre
 11996 | D:11     | Noticed a seven-headed hydra
 12051 | D:11     | Killed a seven-headed hydra
 12157 | D:11     | Found a portal to a secret trove of treasure.
 12206 | D:11     | Found Pusis's Magic Scroll Boutique.
 12209 | D:11     | Bought a scroll of identify for 28 gold pieces
 12209 | D:11     | Bought 2 scrolls of identify for 56 gold pieces
 12377 | D:12     | Reached ***** piety under Vehumet
 12683 | D:12     | Offered knowledge of Iron Shot by Vehumet.
 12691 | D:12     | Learned a level 6 spell: Iron Shot
 13035 | D:12     | Found an iron altar of Okawaru.
 13540 | D:13     | Reached skill level 11 in Earth Magic
 13717 | D:13     | Noticed a centaur warrior
 13717 | D:13     | Noticed a tengu warrior
 13731 | D:13     | Killed a tengu warrior
 13734 | D:13     | Killed a centaur warrior
 13734 | D:13     | Reached XP level 13. HP: 71/78 MP: 14/25
 14067 | D:13     | Noticed an ice dragon
 15076 | D:13     | Killed an ice dragon
 15531 | D:13     | Found a gate to the Vaults.
 15837 | D:14     | Reached skill level 10 in Conjurations
 16497 | D:14     | Found a runed translucent gate.
 16498 | D:14     | Found a runed translucent gate.
 16499 | D:14     | Found a runed translucent gate.
 17023 | D:14     | Reached skill level 12 in Earth Magic
 17472 | D:14     | Got a brightly glowing robe
 17483 | D:14     | Identified the cursed +1 robe of Faesor {rPois Str+3} (You
                  | found it on level 14 of the Dungeon)
 17645 | D:14     | Gained mutation: Your large and strong wings let you fly
                  | indefinitely. [Gargoyle growth]
 17645 | D:14     | Reached XP level 14. HP: 86/86 MP: 23/27
 17786 | D:14     | Noticed Zankipu's ghost (journeyman HONe)
 17823 | D:14     | Engulfed by a cloud of flame

Levels and vault maps discovered:
D:1:      psy_arrival_spokes, layout_basic
D:2:      layout_loops_corners
D:3:      minmay_angry_zag, layout_loops_ring, first_ration
D:4:      layout_layer_cave, dancing_weapons_uskayaw, minmay_bisected,
          uniq_menkaure
D:5:      layout_basic, minmay_temple_entry_slanted, uniq_edmund,
          uniq_blork_the_orc
D:6:      layout_gridville, basic_altar
D:7:      layout_loops_corners, marbit_many_paths, serial_shops, shop_statue,
          grunt_livestock
D:8:      layout_basic, david_lair_generic, basic_altar, serial_shops,
          nicolae_shop_behind_doors
D:9:      layout_roguey [special_room_bee], nemelex_xobeh_ov_fountains_minmay,
          chequers_temple_overflow_statue_of_worship, xom_teletrap_fun,
          orc_0_dummy, serial_shops, shop, okawaru_metal_pillars_3
D:10:     layout_rooms
D:11:     layout_big_octagon, serial_shops, nicolae_shop_behind_doors,
          enter_trove_1, minmay_misc_feat_x
D:12:     layout_loops_ring, basic_altar
D:13:     layout_cave_pools, david_vaults_4, minmay_shattered_shrine
D:14:     layout_grid_maze, small_statue_intersection, serial_undead,
          serial_undead_d, serial_undead_d, serial_undead_d, serial_undead_c,
          gammafunk_ghost_spectres, billiards_dpeg
Temple:   jpeg_temple_clearing

Skill      XL: |  1  2  3  4  5  6  7  8  9 10 11 12 13 |
---------------+----------------------------------------+-----
Earth Magic    | 4 5 6 7 8 9 10 11 12 | 12.4
Conjurations   | 1 2 3 5 6 7 8 9 10 | 10.8
Spellcasting   | 3 4 5 6 7 8 9 |  9.5
Fighting       | 2 3 5 6 7 9 |  9.2
Armour         | 1 3 4 6 |  6.1
Dodging        | 2 3 4 5 6 7 |  7.3
Maces & Flails | 1 3 4 5 6 8 |  8.4
Evocations     | 1 3 4 5 6 |  6.0
Stealth        | |  2.1
Transmutations | |  0.7

Action                   |  1- 3 |  4- 6 |  7- 9 | 10-12 | 13-15 || total
-------------------------+-------+-------+-------+-------+-------++-------
Melee: Short sword       |   119 |    14 |       |       |       ||   133
       Mace              |       |    57 |   188 |       |       ||   245
       Flail             |       |       |    72 |   482 |   188 ||   742
 Cast: Sandblast         |    14 |    14 |    46 |   122 |     8 ||   204
       Stone Arrow       |       |     2 |     3 |    36 |    44 ||    85
       Lee's Rapid Decon |       |       |    15 |    36 |    31 ||    82
       Mephitic Cloud    |       |       |       |     4 |     1 ||     5
       Iron Shot         |       |       |       |     7 |    28 ||    35
 Abil: Fly               |       |       |       |       |     1 ||     1
Evoke: Wand              |       |       |     3 |     6 |     1 ||    10
  Use: Scroll            |     9 |     3 |     6 |     9 |     5 ||    32
       Potion            |       |     7 |       |       |     1 ||     8
 Stab: Sleeping          |     6 |     5 |    12 |     4 |       ||    27
       Distracted        |     1 |       |       |       |       ||     1
  Eat: Chunk             |     3 |     5 |    16 |    29 |    13 ||    66
       Ration            |       |       |     1 |     1 |     5 ||     7
Armor: Robe              |    41 |    38 |   157 |   448 |   194 ||   878
       Skin              |       |     1 |       |       |       ||     1
Dodge: Dodged            |    72 |    75 |   215 |   550 |   251 ||  1163

Table legend:
 A = Non-vault XP
 B = Vault XP
 C = Vault XP percentage of total XP
 D = Non-vault monster count
 E = Vault monster count
 F = Vault count percentage of total count
                 A         B        C        D         E       F
            +---------+---------+-------+---------+---------+-------
      Total |   37990 |   19715 |  34.2 |     361 |      79 |  18.0
            +---------+---------+-------+---------+---------+-------
        D:1 |      44 |       0 |   0.0 |      29 |       0 |   0.0
        D:2 |      43 |       0 |   0.0 |      18 |       0 |   0.0
        D:3 |      81 |       4 |   4.7 |      18 |       3 |  14.3
        D:4 |     609 |     189 |  23.7 |      13 |       3 |  18.8
        D:5 |     414 |     248 |  37.5 |      18 |       2 |  10.0
        D:6 |     876 |       0 |   0.0 |      26 |       0 |   0.0
        D:7 |    1614 |    1117 |  40.9 |      34 |       6 |  15.0
        D:8 |    2895 |    1010 |  25.9 |      36 |       4 |  10.0
        D:9 |    4669 |    1775 |  27.5 |      40 |      25 |  38.5
       D:10 |    4126 |       0 |   0.0 |      24 |       0 |   0.0
       D:11 |    4790 |       0 |   0.0 |      23 |       0 |   0.0
       D:12 |    2881 |     344 |  10.7 |      21 |       1 |   4.5
       D:13 |    3953 |    5089 |  56.3 |      23 |      11 |  32.4
       D:14 |   10995 |    9939 |  47.5 |      38 |      24 |  38.7
            +---------+---------+-------+---------+---------+-------
